 Dungeon Crawl Stone Soup version 0.19-a0-1697-g0595f0e (webtiles) character file.

1404 Charly the Martial Artist (level 9, 0/68 HPs)
             Began as a Human Assassin on Sept 26, 2016.
             Slain by an orc warrior
             ... wielding a +0 trident
              (21 damage)
             ... on level 7 of the Dungeon.
             The game lasted 00:37:04 (2581 turns).

Charly the Martial Artist (Human Assassin)          Turns: 2581, Time: 00:37:05

Health: 0/68       AC: 11    Str: 14    XL:     9   Next: 1%
Magic:  9/9        EV:  9    Int: 12    God:
Gold:   30         SH:  0    Dex: 15    Spells: 2 memorised, 4 levels left

rFire  + . .     SeeInvis .       - Unarmed
rCold  . . .     Gourm    .     i - +1 scale mail {rF+}
rNeg   . . .     Faith    .     (no shield)
rPois  .         Spirit   .     (no helmet)
rElec  .         Dismiss  .     d - +1 cloak
rCorr  .         Reflect  .     f - +0 pair of gloves
MR     .....     Harm     .     (no boots)
Stlth  +.........               t - amulet of rage
                                (no ring)
                                (no ring)

@: no status effects
A: no striking features
a: Evoke Berserk Rage


You were on level 7 of the Dungeon.
You were near starving.

You visited 1 branch of the dungeon, and saw 7 of its levels.

You collected 225 gold pieces.
You spent 195 gold pieces at shops.

Inventory:

Hand Weapons
 a - a +0 scythe
 b - a +0 blowgun
Armour
 d - a +1 cloak (worn)
 f - a +0 pair of gloves (worn)
 i - a +1 scale mail of fire resistance (worn)
Jewellery
 t - an amulet of rage (around neck)
Wands
 r - a wand of lightning (0/15)
Potions
 c - a potion of might
 h - a potion of magic
 s - a potion of curing
Books
 u - a book of Ice

   Spells                             Type                      Level
   a - Ice Form                       Ice/Transmutation            4
   b - Metabolic Englaciation         Hexes/Ice                    5
   c - Ozocubu's Refrigeration        Ice                          6
   d - Bolt of Cold                   Conjuration/Ice              6
   e - Freezing Cloud                 Conjuration/Ice/Air          6
   f - Simulacrum                     Ice/Necromancy               6
Comestibles
 g - 4 bread rations
 m - 3 meat rations


   Skills:
 + Level 5.2 Fighting
   Level 2.0 Short Blades
 - Level 2.0 Throwing
 - Level 1.0 Dodging
 - Level 4.0 Stealth
 * Level 9.0 Unarmed Combat
 - Level 1.2 Evocations


You had 4 spell levels left.
You knew the following spells:

 Your Spells              Type           Power        Failure   Level  Hunger
b - Blink                 Tloc           N/A          99%         2    ###....
r - Repel Missiles        Chrm/Air       #.....       99%         2    ###....


Dungeon Overview and Level Annotations

Branches:
Dungeon (7/15)             Temple (0/1) D:7

Altars:
Hepliaklqana
Vehumet

Shops:
D:5 }

Annotations:
D:3 dvd's ghost, amateur DECj
D:5 Dowan; Duvessa
D:6 Ijustatesigmund's ghost, novice HaHu


Message History

The orc warrior hits you but does no damage.
Firing (i - inventory):
e - 2 poisoned needles (quivered)
Press: ? - help, Shift-Dir - straight line, f/p - orc warrior
Aim: an orc warrior, wielding a trident and wearing a plate armour (severely wounded)
You shoot a poisoned needle.
The poisoned needle barely misses the orc warrior.
Firing (i - inventory):
e - a poisoned needle (quivered)
Press: ? - help, Shift-Dir - straight line, f/p - orc warrior
Aim: an orc warrior, wielding a trident and wearing a plate armour (severely wounded)
You shoot a poisoned needle.
The poisoned needle hits the orc warrior.
The orc warrior is poisoned.
The orc warrior is severely wounded.
The orc warrior closely misses you.
There is an open door here.
The orc warrior looks more healthy.
Wield which item (- for none, * to show all)? (? for menu, Esc to quit)
You are now empty-handed.
The orc warrior hits you with a trident!!
You die...

#....#
#....#########+##########
#........................
#........................
#........................
#........................
#........................
#........................
#..............o@........
..######+####'#############
.. #....o...........
#.....(^.........
#................
#........<........
#.................
####..###...##..#######
#######+###...##..#......


You could see an orc warrior.

Vanquished Creatures
  Sigmund (D:2)
  An ice beast (D:6)
  An orc warrior (D:5)
  2 phantoms
  An ogre (D:5)
  A scorpion (D:5)
  A howler monkey (D:6)
  A crimson imp (D:6)
  3 hounds
  3 orc priests
  5 orc wizards
  A bullfrog skeleton (D:4)
  An iguana (D:6)
  3 worker ants (D:4)
  Terence (D:2)
  A howler monkey skeleton (D:6)
  10 adders
  A shadow imp (D:6)
  2 oozes
  An adder skeleton (D:5)
  An adder zombie (D:5)
  2 leopard geckos
  31 orcs
  A ball python (D:3)
  3 giant cockroaches
  2 goblins
  3 hobgoblins
  2 kobolds
  2 quokkas
  3 bats
  A frilled lizard (D:5)
  3 rats
95 creatures vanquished.

Notes
Turn   | Place    | Note
-------+----------+-------------------------------------------
     0 | D:1      | Charly the Human Assassin began the quest for the Orb.
     0 | D:1      | Reached XP level 1. HP: 16/16 MP: 1/1
    58 | D:1      | Reached skill level 1 in Unarmed Combat
   126 | D:1      | Reached XP level 2. HP: 22/22 MP: 2/2
   141 | D:2      | Noticed Terence
   150 | D:2      | Noticed Sigmund
   151 | D:2      | Killed Terence
   151 | D:2      | Reached skill level 2 in Unarmed Combat
   151 | D:2      | Reached XP level 3. HP: 27/27 MP: 3/3
   194 | D:2      | Killed Sigmund
   194 | D:2      | Reached skill level 5 in Unarmed Combat
   194 | D:2      | Reached XP level 4. HP: 30/33 MP: 4/4
   194 | D:2      | Reached XP level 5. HP: 35/38 MP: 5/5
   194 | D:2      | Reached XP level 6. HP: 40/44 MP: 6/6
   264 | D:3      | Noticed dvd's ghost (amateur DECj)
   613 | D:4      | Noticed a phantom
   659 | D:4      | Reached skill level 6 in Unarmed Combat
   829 | D:4      | Reached XP level 7. HP: 45/51 MP: 7/7
   836 | D:5      | Entered Level 5 of the Dungeon
  1055 | D:5      | Noticed Dowan
  1124 | D:5      | Found a hazy altar of Hepliaklqana.
  1149 | D:5      | Reached skill level 7 in Unarmed Combat
  1313 | D:5      | Reached XP level 8. HP: 40/60 MP: 8/8
  1385 | D:5      | Noticed Duvessa
  1684 | D:4      | Reached skill level 8 in Unarmed Combat
  1755 | D:4      | Learned a level 2 spell: Blink
  1758 | D:4      | Learned a level 2 spell: Repel Missiles
  1866 | D:5      | Found Odelol's Gadget Shoppe.
  1888 | D:6      | Found a radiant altar of Vehumet.
  1973 | D:6      | Noticed Ijustatesigmund's ghost (novice HaHu)
  2116 | D:6      | Reached skill level 5 in Fighting
  2190 | D:5      | Bought a wand of lightning (9/15) for 195 gold pieces
  2421 | D:6      | Reached skill level 9 in Unarmed Combat
  2531 | D:7      | Found a staircase to the Ecumenical Temple.
  2533 | D:7      | Reached skill level 1 in Evocations
  2536 | D:7      | Reached XP level 9. HP: 68/68 MP: 9/9
  2581 | D:7      | Slain by an orc warrior

Vault maps used:
D:1:      lightli_arrival_statuegarden, st_stairs_5, roderic_roman_lattice,
          evilmike_ruin_ashenzari
D:2:      nicolae_qazlal_eye_of_the_storm, uniq_iyjb, uniq_sigmund, uniq_terence
D:4:      first_bread, minmay_misc_feat_encased, minmay_misc_feat_chi
D:5:      kennysheep_mini_moat, serial_shops, shop_fountains,
          minmay_misc_feat_ornament, kennysheep_boxes, uniq_duvessa
D:6:      fiery_altar_vehumet

Skill      XL: |  1  2  3  4  5  6  7  8 |
---------------+-------------------------+-----
Unarmed Combat | 1 2 5 6 7 9 |  9.0
Fighting       | 3 5 |  5.2
Evocations     | 1 |  1.2
Short Blades   | |  2.0
Throwing       | |  2.0
Dodging        | |  1.0
Stealth        | |  4.0

Action                   |  1- 3 |  4- 6 |  7- 9 || total
-------------------------+-------+-------+-------++-------
Melee: Dagger            |    22 |       |       ||    22
       Unarmed           |       |   122 |   268 ||   390
       Punch             |       |     1 |     6 ||     7
       Scythe            |       |       |     2 ||     2
 Fire: Blowgun           |    17 |    24 |    39 ||    80
Evoke: Wand              |       |       |     9 ||     9
  Use: Scroll            |       |       |    11 ||    11
  Eat: Beef jerky        |       |     1 |       ||     1
       Chunk             |       |       |     2 ||     2
       Pizza             |       |       |     1 ||     1
Armor: Robe              |     8 |       |       ||     8
       Scale mail        |       |    64 |   115 ||   179
Dodge: Dodged            |    16 |    35 |   109 ||   160
